← All builds
Air / Cortex / Economy first / OBSERVED BUILD

Standard air

Cortex Air build order · Supreme Isthmus

Economy-first air build: Aircraft Plant then Advanced Metal Extractor and Fusion Reactor, making transports and scouts for allies while transitioning into fighters and occasional bombers over the whole game.

Usually transports first (78%)

#eco #air #team support · 1506 distinct matches · 252 players · 81% of Cortex Air games · team won 46% of 1811 · Recently observed

HOW TO PLAY IT

Key timing: Aircraft Plant by 1:24

  1. Open 3 mex and wind, then drop Aircraft Plant early.
  2. Finish Aircraft Plant and start fighters for scouting and defense.
  3. Eat the Aircraft Plant once production needs outgrow it.
  4. Get Advanced Metal Extractor up to scale eco.
  5. Bring Fusion Reactor online and keep feeding transports, scouts, fighters to allies.

Phase by phase

TYPICAL OF ITS 1506 GAMES
  1. 1
  2. 2
  3. 3
PLAY THE OPENING

Follow the example game's first 6:00 step by step: what to build now, what comes next, and where it goes. At 1× it keeps pace with your own game.

  1. 1

    Up to the Aircraft Plant

    Economy
    • Metal Extractor3Mex
    • Wind Turbine4Wind
    Order
    1. Aircraft PlantAircraft Plant after 3 mex, 4 winddone ~1:26, middle half 1:14–1:35

    Some games also: energy storage (38%)

    By 1:07 in all: 3 mex · 4 wind

    The example game in this phase · 4 steps
    1. Mex ×3
    2. Wind ×4
    3. Energy storage
    4. Aircraft PlantAircraft Plantdone 1:34 · typical 1:26
  2. 2

    Aircraft Plant to 5:00

    Economy
    • Metal Extractor1Mex
    • Wind Turbine9Wind
    • Wind Turbine3Wind
    Builders
    • Construction Turret2 Con turret
    • Construction Aircraft1 Con aircraft
    Army
    • Valiant5 Valiant
    • Hercules2 Light transport for allies
    • Finch2 Finch for allies
    • Finch1 Finch
    • Hephaestus1 Heavy transport for allies

    Some games also: shuriken (49%) · energy storage (45%) · converter (44%) · light transport (40%)

    By 5:00 in all: 3 mex · 1 mex · 13 wind · 3 wind · 1 energy storage · 2 con turret

    The example game in this phase · 21 steps
    1. FinchFinchfor Geo sea
    2. HerculesLight transportfor Geo sea
    3. Wind
    4. FinchFinchfor Beach sea
    5. HephaestusHeavy transportfor Beach sea
    6. ValiantValiant
    7. Wind
    8. HerculesLight transportfor Tech
    9. ValiantValiant
    10. Wind ×3
    11. ValiantValiant
    12. Mex
    13. ValiantValiant ×2
    14. Wind
    15. ValiantValiant
    16. Con turret
    17. HerculesLight transportfor Tech
    18. Construction AircraftCon aircraft
    19. Con turret
    20. Wind
    21. HerculesLight transportfor Beach sea
  3. 3

    5:00 to 10:00

    Economy
    • Wind Turbine21Wind
    • Wind Turbine5Wind
    • Energy Converter6Converter
    Order
    1. Aircraft PlantEat Aircraft Plant
    2. Aircraft PlantAircraft Plant after 19 wind, 18 wind, 7 converterin 58% of games
    Builders
    • Construction Turret3 Con turret
    Army
    • Valiant9 Valiant

    Some games also: shuriken (47%) · fusion (38%) · con aircraft (35%) · light transport (31%)

    By 10:00 in all: 3 mex · 1 mex · 25 wind · 20 wind · 8 converter · 1 energy storage

    The example game in this phase · 146 steps
    1. ValiantValiant
    2. Con turret
    3. Wind
    4. ValiantValiant
    5. Wind
    6. ValiantValiant
    7. Advanced Metal ExtractorT2 mexdone 6:39 · typical 6:54
    8. Wind ×2
    9. ValiantValiant
    10. Wind ×2
    11. ShurikenShuriken
    12. Wind ×2
    13. Converter ×3
    14. ShurikenShuriken
    15. Wind
    16. Advanced Metal ExtractorT2 mex
    17. Converter
    18. Wind
    19. ShurikenShuriken
    20. Converter
    21. Wind
    22. ShurikenShuriken
    23. Converter
    24. Wind
    25. Converter
    26. ShurikenShuriken
    27. Converter
    28. Wind ×2
    29. Advanced Metal ExtractorT2 mex
    30. Wind
    31. Converter
    32. Wind
    33. Converter
    34. Wind
    35. Converter
    36. Wind
    37. Converter
    38. FinchFinch ×2
    39. Wind
    40. FinchFinch ×2
    41. Advanced Metal ExtractorT2 mex
    42. FinchFinch
    43. ShurikenShuriken ×3
    44. Wind
    45. ShurikenShuriken ×7
    46. Wind
    47. ValiantValiant ×2
    48. Wind
    49. ValiantValiant
    50. Fusion ReactorFusiondone 10:29 · typical 10:53
    51. ValiantValiant
    52. Wind
    53. ValiantValiant
    54. Wind ×4
    55. WhirlwindWhirlwind
    56. Wind
    57. Construction AircraftCon aircraft
    58. Wind ×2
    59. WhirlwindWhirlwind
    60. Con turret
    61. Wind
    62. Converter
    63. WhirlwindWhirlwind
    64. Con turret
    65. Wind ×2
    66. Con turret
    67. Converter
    68. WhirlwindWhirlwind
    69. Wind
    70. Con turret ×2
    71. Wind
    72. Converter
    73. WhirlwindWhirlwind
    74. Con turret
    75. Wind
    76. WhirlwindWhirlwind
    77. Converter
    78. Wind
    79. WhirlwindWhirlwind ×2
    80. Wind
    81. WhirlwindWhirlwind ×3
    82. Wind
    83. WhirlwindWhirlwind ×2
    84. Wind
    85. WhirlwindWhirlwind ×3
    86. Wind
    87. WhirlwindWhirlwind ×2
    88. Wind
    89. WhirlwindWhirlwind
    90. Wind
    91. WhirlwindWhirlwind ×2
    92. ValiantValiant
    93. Wind
    94. ValiantValiant ×4
    95. Wind
    96. ValiantValiant ×4
    97. Wind
    98. ValiantValiant ×3
    99. Wind
    100. ValiantValiant ×2
    101. Wind
    102. ValiantValiant ×2
    103. Wind
    104. ValiantValiant ×3
    105. Wind
    106. ValiantValiant ×4
    107. Wind
    108. ValiantValiant ×3
    109. Wind
    110. ValiantValiant ×4
    111. Wind
    112. ValiantValiant ×3
    113. Wind
    114. ValiantValiant ×2
    115. Wind
    116. ValiantValiant ×4
    117. Wind
    118. ValiantValiant ×2
    119. Aircraft PlantAircraft Plantdone 14:02
    120. ValiantValiant ×2
    121. Wind
    122. ValiantValiant ×4
    123. Con turret
    124. Wind
    125. Con turret
    126. ValiantValiant
    127. Wind
    128. Con turret
    129. ValiantValiant
    130. Wind
    131. Con turret
    132. ValiantValiant ×3
    133. Wind
    134. ValiantValiant ×3
    135. Wind
    136. ValiantValiant ×6
    137. Wind
    138. ValiantValiant ×6
    139. Wind
    140. ValiantValiant ×2
    141. Wind
    142. ValiantValiant
    143. Wind
    144. ValiantValiant ×4
    145. Wind
    146. ValiantValiant

Counts are medians over the build's games: half of them build more, half fewer. The example game is [Cookie]CottonBuds's (31 OS, 29/09/2026); pick another.

Team trades

IN AT LEAST 30% OF ITS GAMES

You hand over

  • Finch2 Finch to Geo sea or Beach seafirst at 1:50 · in 96% of games
  • Hercules3 Light transport to Tech or Geo sea or Beach seafirst at 2:06 · in 99% of games
  • Hephaestus1 Heavy transport to Beach sea or Pond or Techfirst at 2:23 · in 72% of games

You get

  • Wind Turbine3 Wind from Beach sea or Geo seafirst at 1:37 · in 64% of games
  • Wind Turbine3 Wind from Beach sea or Geo sea or Pondfirst at 1:42 · in 46% of games
  • Construction Bot1 Con bot from Techfirst at 2:23 · in 88% of games
  • Advanced Construction Bot1 T2 con bot from Techfirst at 6:05 · in 96% of games

How it plays out

Typical game of this build, running totals by minute

Metal produced

010k20k30k
0:005:0010:0015:00

metal

Enemy metal destroyed

01k2k
0:005:0010:0015:00

metal

Own metal lost

01k2k3k
0:005:0010:0015:00

metal

1811 games.

Show as table
ByMetal produced: This buildEnemy metal destroyed: This buildOwn metal lost: This build
1:0039200
2:0092300
3:00145600
4:002052051
5:0027635173
6:003707102124
7:005089146167
8:006902190219
9:009284230270
10:0011758292380
11:0014356369536
12:0017069512781
13:00198597811102
14:002270412641689
15:002573618132420
WHAT THE NUMBERS SAY

Standard air play wins less than half its games, with very low combat losses and kills since the role mostly supports rather than fights.

  • + Own metal lost stays very low, only 2701 by 15:00.
  • + Metal production reaches 25740 by 15:00, a strong support economy.
  • − Team wins under half of games (47%).
  • − Enemy metal destroyed stays low at 2097 by 15:00, showing little direct impact.
THE EXAMPLE YOU ARE READING

[Cookie]CottonBuds

31.0 OS · 29/09/2026

Open source match ↗

5 received units · includes a constructor
10 metal received · 112784 energy received

Allied construction assistance is unknown. Timings are observations, not a promise of solo reproducibility.

Typical milestones

Aircraft Plant1:26Middle 50%: 1:14–1:35 · n=1811
Advanced Metal Extractor6:54Middle 50%: 6:27–7:26 · n=1751
Fusion Reactor10:53Middle 50%: 9:45–12:17 · n=1159

Played most by

TheGeneraI114games of this buildDad_The_Speedrunner72games of this buildHunfore62games of this buildDRM52games of this buildMilkdragon52games of this build